 Dungeon Crawl Stone Soup version 0.23.2-40-g277498a001 (webtiles) character file.

Game seed: 4245547987555599853

68 MalarOregon the Caller (level 4, 0/33 HPs)
             Began as a Merfolk Summoner on Aug 19, 2019.
             Shot with an arrow by a centaur (1 damage)
             ... on level 2 of the Dungeon on Aug 20, 2019.
             The game lasted 00:06:44 (2910 turns).

MalarOregon the Caller (Merfolk Summoner)           Turns: 2910, Time: 00:06:45

Health: 0/33       AC:  2    Str:  8    XL:     4   Next: 19%
Magic:  6/8        EV: 14    Int: 15    God:
Gold:   68         SH:  0    Dex: 14    Spells: 5/8 levels left

rFire    . . .     SeeInvis .   (no weapon)
rCold    . . .     Gourm    .   (no shield)
rNeg     . . .     Faith    .   a - +0 robe
rPois    .         Spirit   .   (no helmet)
rElec    .         Reflect  .   (no cloak)
rCorr    .         Harm     .   (no gloves)
MR       .....                  (no boots)
Stlth    ++........             (no amulet)
HPRegen  0.11/turn              (no ring)
MPRegen  0.11/turn              (no ring)

@: no status effects
A: change form in water, swift swim, stealthy swim
a: no special abilities


You were on level 2 of the Dungeon.
You were not hungry.

You visited 1 branch of the dungeon, and saw 3 of its levels.

You collected 68 gold pieces.

Inventory:

Armour
 a - a +0 robe (worn)
Scrolls
 c - a scroll of blinking {unknown}
 f - a scroll of identify {unknown}
 h - a scroll of fog {unknown}
Potions
 d - a potion of curing {unknown}
Comestibles
 b - 2 chunks of flesh
 e - 3 rations {!d}


   Skills:
 + Level 1.7 Fighting
 + Level 3.7 Dodging
 - Level 2.1 Stealth
 + Level 2.6 Spellcasting
 + Level 4.3 Summonings


You had 5 spell levels left.
You knew the following spells:

 Your Spells              Type           Power        Failure   Level  Hunger
a - Summon Small Mammal   Summ           ###.         3%          1    #......
x - Call Imp              Summ           ###.....     5%          2    ##.....

Your spell library contained the following spells:

 Spells                   Type           Power        Failure   Level  Hunger
 Call Canine Familiar     Summ           ###.....     11%         3    ###....
 Summon Guardian Golem    Hex/Summ       #.......     26%         3    ###....
 Summon Ice Beast         Ice/Summ       #.......     63%         4    #####..
 Summon Lightning Spire   Summ/Air       #.......     63%         4    #####..


Dungeon Overview and Level Annotations

Branches:
Dungeon (3/15)

Altars:
Cheibriados

Annotations:
D:2 exclusion: downstairs, Jessica
D:3 Ijyb


Message History

b - 2 chunks of flesh (gained 1)
You see here a rat skeleton. x2
There is an escape hatch in the ceiling here.
You now have 68 gold pieces (gained 11).
You see here a rat skeleton.
Some of the chunks of flesh in your inventory have rotted away.
A frilled lizard comes into view.
A frilled lizard is nearby!
Found a snail-covered altar of Cheibriados.
The helpless frilled lizard fails to defend itself.
You hit the frilled lizard. The frilled lizard misses you.
You barely miss the frilled lizard. The frilled lizard barely misses you.
You hit the frilled lizard.
You kill the frilled lizard!
The bat closely misses you.
You hit the bat but do no damage. The bat hits you. The bat misses you.
The bat completely misses you. The bat hits you but does no damage.
A shadowy apparition takes form in the air.
The bat hits you. The bat misses you.
You miss the bat. The bat closely misses you.
You closely miss the bat. The bat barely misses you.
You hit the bat but do no damage. The bat hits you but does no damage.
The bat hits your shadow imp but does no damage. x2
Your shadow imp hits the bat.
You barely miss the bat. The bat hits you but does no damage.
You swap places.
The bat hits you. The bat hits you.
Your shadow imp gestures at the bat.
The bat writhes in agony.
The bat dies!
No target in view!
No target in view!
You butcher the frilled lizard corpse.
b - 2 chunks of flesh (gained 1)
You see here a frilled lizard skeleton. x2
You swap places.
Your shadow imp disappears in a puff of smoke!
You see here a frilled lizard skeleton.
The centaur is too close now for your liking.
A centaur is nearby!
You don't know that spell.
A beastly little devil appears in a puff of flame.
The centaur shoots an arrow.
The arrow hits you! The arrow burns you.
* * * LOW HITPOINT WARNING * * *
The centaur shoots an arrow.
The arrow hits you!
* * * LOW HITPOINT WARNING * * *
The arrow burns you.
You die...

##r## #.#.._..# .....
#####...#.### ### .....
#.........# ##.. $....
#...#.##### ##..# .....
####...÷.# ###..## .?..%
#.##......### #...##
..c.. #...5.....# ##.###
..Js$ #.....(...# #.<#
..... ....##.#@..#
##÷###### .....
.....#.#...######..#
#... ....#
#.....c.......#..####...
#####.
#..#.#####.##.#.###.....
#c ....# #.##...#...#...
##. #..# #......#.#.....
#.. ###..#
####.#......... #..
##....# ##.....#.....
####..##)(##.#
######.....#<.....


You could see a centaur and a friendly crimson imp.

Vanquished Creatures
  A hobgoblin (D:1)
  A kobold (D:1)
  2 bats (D:1)
  A frilled lizard (D:2)
  2 rats
7 creatures vanquished.

Vanquished Creatures (collateral kills)
  An orc wizard (D:3)
  A howler monkey skeleton (D:2)
  5 adders
  2 dart slugs
  A leopard gecko (D:1)
  3 bats (D:2)
  3 giant cockroaches (D:2)
  3 hobgoblins
  3 ball pythons
  A frilled lizard (D:2)
  3 goblins
  3 rats
29 creatures vanquished.

Grand Total: 36 creatures vanquished

Notes
Turn   | Place    | Note
-------+----------+-------------------------------------------
     0 | D:1      | MalarOregon the Merfolk Summoner began the quest for the
                  | Orb.
     0 | D:1      | Reached XP level 1. HP: 13/13 MP: 3/3
   738 | D:1      | Reached XP level 2. HP: 3/20 MP: 0/5
  1272 | D:2      | Noticed Jessica
  1272 | D:2      | Noticed a centaur
  1541 | D:2      | HP: 1/20 [centaur/arrow (6)]
  1880 | D:1      | Reached skill level 1 in Fighting
  2278 | D:1      | Learned a level 2 spell: Call Imp
  2291 | D:2      | Reached XP level 3. HP: 11/26 MP: 1/6
  2702 | D:3      | Noticed Ijyb
  2766 | D:3      | Reached XP level 4. HP: 32/33 MP: 4/8
  2872 | D:2      | Found a snail-covered altar of Cheibriados.
  2910 | D:2      | HP: 1/33 [centaur/arrow (12)]
  2910 | D:2      | Shot with an arrow by a centaur

Skill      XL: |  1  2 |
---------------+-------+-----
Dodging        | 3 |  3.7
Fighting       | 1 |  1.7
Stealth        | |  2.1
Spellcasting   | |  2.6
Summonings     | |  4.3

Action                   |  1- 3 |  4- 6 || total
-------------------------+-------+-------++-------
Melee: Unarmed           |    81 |    12 ||    93
 Cast: Summon Small Mamm |    40 |       ||    40
       Call Imp          |    13 |     2 ||    15
  Use: Potion            |     3 |       ||     3
 Stab: Distracted        |     1 |       ||     1
       Sleeping          |       |     1 ||     1
  Eat: Chunk             |     7 |     1 ||     8
Armor: Robe              |    34 |     3 ||    37
Dodge: Dodged            |    89 |    10 ||    99
